 Dungeon Crawl Stone Soup version 0.19.5 (webtiles) character file.

466 Megalobster the Conjurer (level 6, 0/32 HPs)
             Began as a Deep Elf Conjurer on Apr 15, 2017.
             Slain by Menkaure (10 damage)
             ... on level 4 of the Dungeon.
             The game lasted 00:14:30 (4065 turns).

Megalobster the Conjurer (Deep Elf Conjurer)        Turns: 4065, Time: 00:14:31

Health: 0/32       AC:  4    Str:  5    XL:     6   Next: 81%
Magic:  6/15       EV: 13    Int: 22    God:
Gold:   140        SH:  0    Dex: 15    Spells: 4 memorised, 4 levels left

rFire  . . .     SeeInvis .     p - +3 hunting sling (freeze)
rCold  + . .     Gourm    .     a - +0 robe
rNeg   . . .     Faith    .     (no shield)
rPois  .         Spirit   .     (no helmet)
rElec  .         Reflect  .     D - +0 cloak
rCorr  .         Harm     .     (no gloves)
MR     .....                    t - +0 pair of boots
Stlth  +++.......               (no amulet)
                                x - ring of stealth
                                d - ring of protection from cold

@: no status effects
A: no striking features
a: no special abilities


You were on level 4 of the Dungeon.
You were not hungry.

You visited 1 branch of the dungeon, and saw 4 of its levels.

You collected 140 gold pieces.

Inventory:

Hand Weapons
 h - a +0 mace
 p - a +3 hunting sling of freezing (weapon)
 s - a +0 dagger
 w - a +2 dagger of holy wrath
Missiles
 q - 116 stones
 A - 19 sling bullets (quivered)
Armour
 a - a +0 robe (worn)
 l - a +0 robe
 t - a +0 pair of boots (worn)
 D - a +0 cloak (worn)
Jewellery
 d - a ring of protection from cold (left hand)
 x - a ring of stealth (right hand)
 B - an uncursed ring of teleportation
Wands
 y - a wand of polymorph (11/24)
Scrolls
 e - a scroll of blinking {unknown}
 f - a scroll of immolation {unknown}
 g - a scroll of fog {unknown}
 m - 3 scrolls of remove curse
 n - a scroll of magic mapping {unknown}
 r - a scroll of enchant weapon {unknown}
 v - a scroll of identify {unknown}
 C - a scroll of teleportation {unknown}
Potions
 j - 2 potions of curing {unknown}
 k - 2 potions of brilliance {unknown}
 o - 3 potions of degeneration {unknown}
 E - a potion of invisibility {unknown}
 F - a potion of heal wounds {unknown}
Books
 b - a book of Conjurations

   Spells                             Type                      Level
   a - Magic Dart                     Conjuration                  1
   b - Searing Ray                    Conjuration                  2
   c - Dazzling Spray                 Conjuration/Hexes            3
   d - Fulminant Prism                Conjuration/Hexes            4
   e - Iskenderun's Mystic Blast      Conjuration                  4
   f - Iskenderun's Battlesphere      Conjuration/Charms           5
Comestibles
 c - 2 bread rations
 i - 2 meat rations
 u - a royal jelly
 z - 5 chunks of flesh


   Skills:
 - Level 2.4 Dodging
 - Level 2.4 Stealth
 - Level 5.1 Spellcasting
 + Level 7.1 Conjurations
 - Level 1.0 Hexes
 * Level 5.1 Charms


You had 4 spell levels left.
You knew the following spells:

 Your Spells              Type           Power        Failure   Level  Hunger
a - Magic Dart            Conj           ####         1%          1    None
b - Searing Ray           Conj           #####.       1%          2    None
c - Dazzling Spray        Conj/Hex       ###...       8%          3    ##.....
d - Iskenderun's Battles  Conj/Chrm      ####....     28%         5    #####..


Dungeon Overview and Level Annotations

Branches:
Dungeon (4/15)
 Temple: D:4-7

Altars:
Okawaru
Ru

Annotations:
D:4 Menkaure


Message History

(Press . to maintain the ray.)
The searing ray hits Menkaure.
Menkaure is moderately damaged.
The searing ray hits Menkaure.
Menkaure is severely damaged.
The searing ray misses Menkaure.
You finish channeling your searing ray.
Menkaure hits you!!
Ouch! That really hurt!
Casting: Searing Ray
Confirm with . or Enter, or press ? or * to list all spells.
Aiming: Searing Ray
Press: ? - help, Shift-Dir - straight line, f/p - Menkaure
Aim: Menkaure (severely damaged)
The searing ray hits Menkaure.
Menkaure is severely damaged. (Press . to maintain the ray.)
The searing ray hits Menkaure.
Menkaure is almost destroyed.
Menkaure hits you!
You die...

##..# . ##............
#....###.###..##.......#.
........ ................
#.........#...#...#....#
##...##..##...#........#
..(..##..##............#
......#.......##.#.....#
......#.......##M#.....#
...#..#.#.....##@#.....#
...#..#.###......+.......
#............###.#.......
.........................
......................o..
##.#.###...#..#####
#....##........
.....###.#......
..........#.......


You could see Menkaure.

Vanquished Creatures
  An ogre (D:4)
  3 orc priests (D:3)
  4 orc wizards
  A worker ant (D:3)
  6 adders (D:3)
  2 oozes (D:1)
  4 dart slugs
  2 leopard geckos
  11 orcs
  3 giant cockroaches
  7 goblins
  8 hobgoblins
  8 jackals
  A ball python (D:3)
  9 bats
  3 frilled lizards
  2 jackal skeletons (D:4)
  8 kobolds
  4 rats
87 creatures vanquished.

Notes
Turn   | Place    | Note
-------+----------+-------------------------------------------
     0 | D:1      | Megalobster the Deep Elf Conjurer began the quest for the Orb.
     0 | D:1      | Reached XP level 1. HP: 10/10 MP: 6/6
   283 | D:1      | Reached XP level 2. HP: 12/15 MP: 1/8
   649 | D:1      | Learned a level 2 spell: Searing Ray
   750 | D:1      | Reached skill level 5 in Conjurations
   920 | D:1      | Reached XP level 3. HP: 19/19 MP: 5/10
  1247 | D:1      | Learned a level 3 spell: Dazzling Spray
  1690 | D:2      | Found a sacrificial altar of Ru.
  1700 | D:2      | Reached skill level 1 in Hexes
  2235 | D:3      | Reached XP level 4. HP: 19/24 MP: 3/12
  2353 | D:3      | Found an iron altar of Okawaru.
  2930 | D:3      | Reached skill level 6 in Conjurations
  2947 | D:3      | Reached XP level 5. HP: 22/28 MP: 5/14
  2950 | D:3      | Reached skill level 5 in Spellcasting
  3045 | D:3      | Learned a level 5 spell: Iskenderun's Battlesphere
  3146 | D:3      | Reached skill level 1 in Charms
  3524 | D:3      | Reached XP level 6. HP: 17/32 MP: 1/15
  3954 | D:4      | Reached skill level 7 in Conjurations
  3954 | D:4      | Reached skill level 5 in Charms
  4051 | D:4      | Noticed Menkaure
  4065 | D:4      | Slain by Menkaure

Skill      XL: |  1  2  3  4  5  6 |
---------------+-------------------+-----
Conjurations   | 5 6 7 |  7.1
Hexes          | 1 |  1.0
Spellcasting   | 4 5 |  5.1
Charms         | 3 5 |  5.1
Dodging        | |  2.4
Stealth        | |  2.4

Action                   |  1- 3 |  4- 6 || total
-------------------------+-------+-------++-------
Melee: Unarmed           |     3 |       ||     3
       Mace              |     4 |       ||     4
 Fire: Hunting sling     |       |     6 ||     6
 Cast: Magic Dart        |    78 |    62 ||   140
       Searing Ray       |     6 |    12 ||    18
  Use: Scroll            |       |     1 ||     1
  Eat: Bread ration      |     1 |       ||     1
       Beef jerky        |     1 |       ||     1
       Chunk             |       |     4 ||     4
Armor: Robe              |     5 |    15 ||    20
Dodge: Dodged            |    18 |    24 ||    42
